 Dungeon Sprint DCSS version 0.24-a0-254-gf493760 (webtiles) character file.

Game seed: 8856843883522919437

79875 HallandMoats the Warrior (level 15, 0/139 HPs)
             Began as a Demonspawn Monk on Apr 18, 2019.
             Was the Champion of Makhleb.
             Splashed by an acid blob's acid (9 damage)
             ... in the Dungeon (Sprint V: "Ziggurat Sprint").
             The game lasted 00:08:06 (1080 turns).

HallandMoats the Warrior (Demonspawn Monk)          Turns: 1080, Time: 00:08:07

Health: 0/139      AC: 18    Str: 21      XL:     15   Next: 22%
Magic:  31/31      EV:  9    Int: 12 (13) God:    Makhleb [******]
Gold:   0          SH: 36    Dex: 22      Spells: 36/38 levels left

rFire    + + +     SeeInvis +   E - +14 obsidian axe {chop, +Fly SInv *Curse} (curse)
rCold    + . .     Gourm    .   F - +18 shield of the Gong {rElec rN+ MR+ EV-5}
rNeg     + + +     Faith    .   j - +5 gold dragon scales
rPois    +         Spirit   .   (no helmet)
rElec    +         Reflect  +   n - +2 cloak {+Inv}
rCorr    .         Harm     .   A - +1 pair of gloves {archery}
MR       ++...     NoTele   +   (boots unavailable)
Stlth    ..........             b - amulet of Greed {Reflect rElec rN+ Str+2 Dex+2 SH+3}
HPRegen  2.33/turn              h - ring "Itiet Ubo" {+Fly rF++ Dex+2}
MPRegen  0.22/turn              B - ring of Ygeokom {rN+ Str+3 Dex+2}

@: singing, corroded, sanguine armour, mesmerised, studying 2 skills
A: hooves 3, deterioration 1, nightstalker 1, powered by death 3, subdued magic
1, sanguine armour 1
a: Minor Destruction, Lesser Servant of Makhleb, Major Destruction, Greater
Servant of Makhleb, Renounce Religion, Evoke Invisibility, Evoke Flight


You were in the Dungeon.
You worshipped Makhleb.
Makhleb was exalted by your worship.
You were not hungry.

You visited 1 branch

Inventory:

Hand Weapons
 E - the cursed +14 obsidian axe (weapon) {chop, +Fly SInv *Curse}
   (You found it in the Dungeon)

   It inflicts extra damage upon your enemies.
   It lets you see invisible.
   It lets you fly.
   It curses itself when equipped.
   It has a curse placed upon it.
Armour
 j - +5 gold dragon scales (worn)
 n - a +2 cloak of invisibility (worn)
 A - a +1 pair of gloves of archery (worn)
 F - the +18 shield of the Gong (worn) {rElec rN+ MR+ EV-5}
   (You found it in the Dungeon)

   It affects your evasion (-5).
   It insulates you from electricity.
   It protects you from negative energy.
   It affects your resistance to hostile enchantments.
Jewellery
 b - the amulet of Greed (around neck) {Reflect rElec rN+ Str+2 Dex+2 SH+3}
   (You found it in the Dungeon)

   [amulet of reflection]

   It shields you and reflects attacks.
   It affects your strength (+2).
   It affects your dexterity (+2).
   It insulates you from electricity.
   It protects you from negative energy.
   It affects your SH (+3).
 h - the ring "Itiet Ubo" (left hand) {+Fly rF++ Dex+2}
   (You found it in the Dungeon)

   [ring of flight]

   It affects your dexterity (+2).
   It greatly protects you from fire.
   It lets you fly.
 B - the ring of Ygeokom (right hand) {rN+ Str+3 Dex+2}
   (You found it in the Dungeon)

   [ring of positive energy]

   It affects your strength (+3).
   It affects your dexterity (+2).
   It protects you from negative energy.
Wands
 v - a wand of disintegration (7)
 w - a wand of iceblast (7)
 x - a wand of acid (7)
Scrolls
 i - 4 scrolls of blinking
 q - 4 scrolls of amnesia
 r - 7 scrolls of fog
 s - 5 scrolls of identify
 t - 5 scrolls of remove curse
 u - 2 scrolls of fear
Potions
 d - 10 potions of curing
 e - 11 potions of heal wounds
 f - 10 potions of haste
 g - 7 potions of magic
 k - 2 potions of brilliance
 l - 2 potions of invisibility
 m - 4 potions of resistance
 o - 3 potions of agility
 p - 5 potions of might
Books
 y - a manual of Maces & Flails
 z - a manual of Poison Magic
Miscellaneous
 a - 4 phantom mirrors
Comestibles
 c - 6 rations


   Skills:
 + Level 19.2 Fighting
 + Level 17.9 Axes
 + Level 15.9 Armour
 + Level 16.0 Dodging
 - Level 1.7 Stealth
 + Level 15.8 Shields
 - Level 12.0 Spellcasting
 - Level 12.0 Charms


You had 36 spell levels left.
You knew the following spells:

 Your Spells              Type           Power        Failure   Level  Hunger
a - Song of Slaying       Chrm           ####....     3%          2    None

Your spell library contained the following spells:

 Spells                   Type           Power        Failure   Level  Hunger
 Infusion                 Chrm           ####         1%          1    None
 Shroud of Golubria       Chrm/Tloc      ###.......   41%         2    None
 Ozocubu's Armour         Chrm/Ice       ###.....     65%         3    #......
 Regeneration             Chrm/Necr      ###.......   65%         3    #......
 Spectral Weapon          Hex/Chrm       ###.....     65%         3    #......
 Animate Skeleton         Necr           N/A          98%         1    None
 Apportation              Tloc           #.....       98%         1    None
 Confusing Touch          Hex            #.....       98%         1    None
 Corona                   Hex            #......      98%         1    None
 Flame Tongue             Conj/Fire      #....        98%         1    None
 Freeze                   Ice            #...         98%         1    None
 Magic Dart               Conj           #...         98%         1    None
 Pain                     Necr           #...         98%         1    None
 Sandblast                Erth           #.....       98%         1    None
 Summon Butterflies       Summ           #.......     98%         1    None
 Blink                    Tloc           N/A          99%         2    None
 Call Imp                 Summ           #.......     99%         2    None
 Corpse Rot               Necr           N/A          99%         2    None
 Ensorcelled Hibernation  Hex/Ice        #.....       99%         2    None
 Passwall                 Tmut/Erth      #.......     99%         2    None
 Poisonous Vapours        Pois/Air       #.....       99%         2    None
 Searing Ray              Conj           #.....       99%         2    None
 Slow                     Hex            #.......     99%         2    None
 Sublimation of Blood     Necr           #.........   99%         2    None
 Throw Frost              Conj/Ice       #.....       99%         2    None
 Call Canine Familiar     Summ           #.......     100%        3    #......
 Confuse                  Hex            #.......     100%        3    #......
 Conjure Flame            Conj/Fire      #.......     100%        3    #......
 Dazzling Spray           Conj/Hex       #.....       100%        3    #......
 Gell's Gravitas          Tloc           #.........   100%        3    #......
 Ignite Poison            Fire/Tmut/Pois #.......     100%        3    #......
 Lesser Beckoning         Tloc           #.........   100%        3    #......
 Mephitic Cloud           Conj/Pois/Air  #.......     100%        3    #......
 Recall                   Summ/Tloc      N/A          100%        3    #......
 Static Discharge         Conj/Air       #.......     100%        3    #......
 Stone Arrow              Conj/Erth      #.....       100%        3    #......
 Tukima's Dance           Hex            #.......     100%        3    #......
 Vampiric Draining        Necr           #.........   100%        3    #......
 Animate Dead             Necr           N/A          100%        4    ###....
 Force Lance              Conj/Tloc      #.......     100%        4    ###....
 Fulminant Prism          Conj/Hex       #.........   100%        4    ###....
 Ice Form                 Ice/Tmut       #.......     100%        4    ###....
 Iskenderun's Mystic Bla  Conj           #.......     100%        4    ###....
 Petrify                  Tmut/Erth      #.......     100%        4    ###....
 Sticky Flame             Conj/Fire      #.......     100%        4    ###....
 Summon Ice Beast         Ice/Summ       #.......     100%        4    ###....
 Summon Lightning Spire   Summ/Air       #.......     100%        4    ###....
 Throw Icicle             Conj/Ice       #.......     100%        4    ###....
 Alistair's Intoxication  Tmut/Pois      #.......     100%        5    #####..
 Aura of Abjuration       Summ           #.........   100%        5    #####..
 Bolt of Magma            Conj/Fire/Erth #.........   100%        5    #####..
 Borgnjor's Vile Clutch   Necr/Erth      #.........   100%        5    #####..
 Dispel Undead            Necr           #.......     100%        5    #####..
 Excruciating Wounds      Chrm/Necr      ###.......   100%        5    #####..
 Irradiate                Conj/Tmut      #.........   100%        5    #####..
 Iskenderun's Battlesphe  Conj/Chrm      ###.....     100%        5    #####..
 Lee's Rapid Deconstruct  Erth           #.........   100%        5    #####..
 Lightning Bolt           Conj/Air       #.........   100%        5    #####..
 Metabolic Englaciation   Hex/Ice        #.........   100%        5    #####..
 Silence                  Hex/Air        #.........   100%        5    #####..
 Summon Demon             Summ           #.........   100%        5    #####..
 Summon Forest            Summ/Tloc      #.........   100%        5    #####..
 Summon Mana Viper        Hex/Summ       #.......     100%        5    #####..
 Venom Bolt               Conj/Pois      #.........   100%        5    #####..
 Yara's Violent Unravell  Hex/Tmut       #.........   100%        5    #####..
 Bolt of Cold             Conj/Ice       #.........   100%        6    ######.
 Conjure Ball Lightning   Conj/Air       #.........   100%        6    ######.
 Darkness                 Hex            #.........   100%        6    ######.
 Death Channel            Necr           #.........   100%        6    ######.
 Deflect Missiles         Chrm/Air       ###.......   100%        6    ######.
 Freezing Cloud           Conj/Ice/Air   #.........   100%        6    ######.
 Hydra Form               Tmut           #.........   100%        6    ######.
 Invisibility             Hex            #.......     100%        6    ######.
 Iron Shot                Conj/Erth      #.........   100%        6    ######.
 Ozocubu's Refrigeration  Ice            #.........   100%        6    ######.
 Shadow Creatures         Summ           N/A          100%        6    ######.
 Simulacrum               Ice/Necr       #.........   100%        6    ######.
 Statue Form              Tmut/Erth      #........    100%        6    ######.
 Dragon Form              Tmut           #.........   100%        7    #######
 Haunt                    Necr/Summ      #.........   100%        7    #######
 Orb of Destruction       Conj           #.........   100%        7    #######
 Ring of Flames           Chrm/Fire      ###.......   100%        7    #######
 Spellforged Servitor     Conj/Summ      #.........   100%        7    #######
 Summon Hydra             Summ           #.........   100%        7    #######
 Borgnjor's Revivificati  Necr           #.........   100%        8    #######
 Death's Door             Chrm/Necr      ###.......   100%        8    #######
 Infestation              Necr           #.........   100%        8    #######
 Necromutation            Tmut/Necr      #.........   100%        8    #######
 Tornado                  Air            #.........   100%        9    #######


Dungeon Overview and Level Annotations

Branches:
Dungeon (1/1)

Altars:
Ashenzari
Cheibriados
Dithmenos
Elyvilon
Fedhas
Gozag
Hepliaklqana
Kikubaaqudgha
Makhleb
Nemelex Xobeh
Okawaru
Qazlal
Ru
Sif Muna
Trog
Uskayaw
Vehumet
Wu Jian
Xom
Yredelemnul
Zin
The Shining One
Beogh
Jiyva
Lugonu


Innate Abilities, Weirdness & Mutations

You have hooves in place of feet.
You are slightly more attuned to the shadows.
You regenerate a lot of health from kills.
When seriously injured, your bleeding wounds create armour. (AC +6)
Your body sometimes deteriorates upon taking damage.
Your spells are a little easier to cast, but a little less powerful.


Message History

A large slime creature splits.
The death ooze hits your rust devil!!
Your rust devil dies!
The acid blob closely misses you.
You barely miss the acid blob.
You kick the acid blob, but do no damage.
The acid blob is severely wounded.
You hit the acid blob.
Your hands burn!
* * * LOW HITPOINT WARNING * * *
You completely miss the acid blob. You block the acid blob's attack.
GONNNNG!
Two slime creatures merge to form a very large slime creature.
The great orb of eyes bites your sun demon but does no damage.
Your chaos spawn gores the acid blob!
Your chaos spawn shocks the acid blob!
The acid corrodes your chaos spawn!
Your chaos spawn is burned by acid!
The acid blob hits you!!
* * * LOW HITPOINT WARNING * * *
Your body deteriorates!
You feel dopey. The acid corrodes you!
You are splashed with acid!
You die... ▓▓▓▓▓▓▓▓▓▓▓▓▓ ▓..[[)[[) ▓......"| .})[|)|:)))[. ▓.......( .|[:=}=|[=?=. ▓.....))( .....)G[..... ▓....())) ...JJGJG.G... ▓.....)). ...GJJJJJJ...

▓........
....JJJJG....
▓..▓.....
.....J@34....
▓.▓▓▓....
.............
▓..▓.....
.............
........
..▓.......▓..
......©. .
▓▓.....▓▓ .
▓▓▓▓▓▓▓▓▓
..▓.......▓..
▓.....8©8
.............
▓.}..=}==
......©......
▓..[)=|"}
▓▓▓▓▓▓▓▓▓▓▓▓▓
▓........


You could see 4 acid blobs, 2 azure jellies, a great orb of eyes, a very large
slime creature, a large slime creature, 4 slime creatures, 2 shining eyes, 2
eyes of devastation, 2 death oozes, a golden eye, a friendly sun demon
(paralysed) and a friendly chaos spawn.

Vanquished Creatures
  2 pandemonium lords (D)
  An Orb Guardian (D)
  A lich (D)
  A quicksilver dragon (D)
  2 acid blobs (D)
  A tentacled starspawn (D)
  An Executioner (D)
  2 shadow dragons (D)
  4 azure jellies (D)
  A blood saint (D)
  2 stone giants (D)
  A corrupter (D)
  A black draconian (D)
  2 green draconians (D)
  A purple draconian (D)
  6 death oozes (D)
  A yaktaur captain (D)
  A green death (D)
  15 vault guards (D)
  A great orb of eyes (D)
  A dancing weapon (D)
  A deep elf knight (D)
  3 soul eaters (D)
  A wretched star (D)
  3 glowing orange brains (D)
  A shadow demon (D)
  A deep elf mage (D)
  4 shining eyes (D)
  A moth of wrath (D)
  An orange demon (D)
  An ice devil (D)
  4 yaktaurs (D)
  9 slime creatures (D)
  2 spriggans (D)
  A ynoxinul (D)
  2 golden eyes (D)
  A fire elemental (D)
  3 floating eyes (D)
  3 hell hounds (D)
  An orc warrior (D)
  3 black bears (D)
  An eye of draining (D)
  3 wolves (D)
  4 earth elementals (D)
  2 crimson imps (D)
  A quasit (D)
  4 jellies (D)
  An iron imp (D)
  4 orc wizards (D)
  A shadow imp (D)
  A white imp (D)
  4 oozes (D)
  2 spectral adders (D)
  2 orcs (D)
  A spectral bat (D)
  2 bat skeletons (D)
  3 bat zombies (D)
  A giant cockroach zombie (D)
  A quokka skeleton (D)
132 creatures vanquished.

Vanquished Creatures (collateral kills)
  A golden dragon (D)
  A lich (D)
  3 acid blobs (D)
  A shadow dragon (D)
  2 red draconians (D)
  A black draconian (D)
  A yellow draconian (D)
  4 vault guards (D)
  2 soul eaters (D)
  A shining eye (D)
  An eye of devastation (D)
  An orange demon (D)
  A hornet (D)
  2 red devils (D)
  4 slime creatures (D)
  2 spriggans (D)
  A golden eye (D)
  A black bear (D)
  An orc warrior (D)
  5 starcursed masses (D)
  2 wolves (D)
  2 crimson imps (D)
  An orc priest (D)
  An iron imp (D)
  3 orc wizards (D)
  2 ufetubi (D)
  An ooze (D)
  2 adder skeletons (D)
  2 spectral bats (D)
  2 bat skeletons (D)
  2 bat zombies (D)
  A giant cockroach zombie (D)
57 creatures vanquished.

Vanquished Creatures (others)
  A lich (D)
  A blood saint (D)
  A rust devil (D)
  3 starspawn tentacles (D)
6 creatures vanquished.

Grand Total: 195 creatures vanquished

Notes
Turn   | Place    | Note
-------+----------+-------------------------------------------
     0 | D        | Found the +6 Majin-Bo {vamp, Archmagi MP+6 Int+6}
     0 | D        | Found the +7 great mace "Firestarter" {inner flame, rF++}
     0 | D        | HallandMoats the Demonspawn Monk began the quest for the
                  | Orb.
     0 | D        | Reached XP level 1. HP: 18/18 MP: 1/1
     3 | D        | Found a blossoming altar of Fedhas.
     6 | D        | Found a deep blue altar of Sif Muna.
     6 | D        | Found a sacrificial altar of Ru.
     6 | D        | Found a bloodstained altar of Trog.
     6 | D        | Found a stormy altar of Qazlal.
     6 | D        | Found an iron altar of Okawaru.
     6 | D        | Found a sparkling altar of Nemelex Xobeh.
     8 | D        | Found a transporter.
     8 | D        | Found an ancient bone altar of Kikubaaqudgha.
     8 | D        | Found a viscous altar of Jiyva.
     8 | D        | Found a corrupted altar of Lugonu.
     8 | D        | Found a hazy altar of Hepliaklqana.
     8 | D        | Found a burning altar of Makhleb.
     8 | D        | Found an opulent altar of Gozag.
    24 | D        | Found the +9 heavy crossbow "Sniper" {velocity, Acc+∞ SInv}
    24 | D        | Found the +10 dark maul {crush}
    24 | D        | Found the +15 Maxwell's patent armour {-Cast -Tele rElec
                  | MR+ rCorr}
    24 | D        | Found the +18 shield of the Gong {rElec rN+ MR+ EV-5}
    24 | D        | Found the cursed +14 obsidian axe {chop, +Fly SInv *Curse}
    26 | D        | Found the +6 shillelagh "Devastator" {shatter}
    26 | D        | Found the +11 plutonium sword {*Contam Stlth-}
    26 | D        | Found the +8 lance "Wyrmbane" {slay drac, rPois rF+ rC+
                  | AC+3}
    26 | D        | Found the +9 sword of Zonguldrok {reap}
    26 | D        | Found the cursed +13 scythe of Curses {drain, *Curse}
    26 | D        | Found the +0 sword of Power
    26 | D        | Found the +7 mace of Variability {chain chaos}
    26 | D        | Found the +7 Singing Sword {slice, sonic wave}
    26 | D        | Found the +7 longbow "Piercer" {penet, EV-2}
    28 | D        | Became a worshipper of Makhleb the Destroyer
    28 | D        | Reached * piety under Makhleb
    28 | D        | Reached ** piety under Makhleb
    60 | D        | Entered arena 2.
    60 | D        | Noticed an orc wizard
    60 | D        | Noticed an orc wizard
    60 | D        | Found a transporter.
    63 | D        | Killed an orc wizard
    63 | D        | Reached skill level 4 in Fighting
    63 | D        | Reached skill level 1 in Armour
    63 | D        | Reached skill level 1 in Shields
    63 | D        | Gained mutation: You regenerate a little health from kills.
                  | [demonic ancestry]
    63 | D        | Reached XP level 2. HP: 25/25 MP: 2/2
    65 | D        | Gained mutation: You have large cloven feet. [demonic
                  | ancestry]
    65 | D        | Reached XP level 3. HP: 32/32 MP: 3/3
    69 | D        | Entered arena 3.
    69 | D        | Noticed a tentacled starspawn
    69 | D        | Noticed a wretched star
    69 | D        | Found a transporter.
    77 | D        | Reached skill level 5 in Fighting
    77 | D        | Gained mutation: You regenerate health from kills. [demonic
                  | ancestry]
    77 | D        | Reached XP level 4. HP: 39/39 MP: 4/4
    79 | D        | Killed a tentacled starspawn
    79 | D        | Reached *** piety under Makhleb
    79 | D        | Reached skill level 10 in Fighting
    79 | D        | Reached skill level 10 in Axes
    79 | D        | Reached XP level 5. HP: 54/54 MP: 5/5
    79 | D        | Reached XP level 6. HP: 61/61 MP: 6/6
    79 | D        | Reached XP level 7. HP: 67/67 MP: 7/7
    79 | D        | Gained mutation: You are slightly more attuned to the
                  | shadows. [demonic ancestry]
    79 | D        | Reached XP level 8. HP: 74/74 MP: 8/8
    80 | D        | Killed a wretched star
    80 | D        | Reached skill level 11 in Fighting
    80 | D        | Reached XP level 9. HP: 81/81 MP: 9/9
   480 | D        | Reached skill level 12 in Fighting
   480 | D        | Gained mutation: When seriously injured, your bleeding
                  | wounds create armour. (AC +6) [demonic ancestry]
   480 | D        | Reached XP level 10. HP: 89/89 MP: 10/10
   482 | D        | Entered arena 4.
   482 | D        | Noticed a starcursed mass
   482 | D        | Found a transporter.
   489 | D        | Reached **** piety under Makhleb
   491 | D        | Killed a starcursed mass
   492 | D        | Killed a starcursed mass
   492 | D        | Killed a starcursed mass
   493 | D        | Killed a starcursed mass
   493 | D        | Reached ***** piety under Makhleb
   493 | D        | Killed a starcursed mass
   501 | D        | Got the Disquisition on the Glacier
   503 | D        | Entered arena 5.
   503 | D        | Found a transporter.
   515 | D        | Entered arena 6.
   515 | D        | Found a transporter.
   529 | D        | Entered arena 7.
   531 | D        | Found a transporter.
   533 | D        | Reached ****** piety under Makhleb
   544 | D        | Got the Handbook of the Glacial Oath
   548 | D        | Entered arena 8.
   548 | D        | Noticed a spriggan rider
   550 | D        | Found a transporter.
   562 | D        | Got the Almanac of Battle Magic and Translocation
   566 | D        | Entered arena 9.
   568 | D        | Found a transporter.
   573 | D        | Reached skill level 13 in Fighting
   586 | D        | Entered arena 10.
   586 | D        | Noticed a +1 vampiric war axe
   587 | D        | Noticed a deep elf knight
   587 | D        | Noticed a deep elf mage
   588 | D        | Found the +5 scythe "Finisher" {speed, eviscerate}
   588 | D        | Found a transporter.
   594 | D        | Killed a +1 vampiric war axe
   594 | D        | Killed a deep elf knight
   599 | D        | Killed a deep elf mage
   599 | D        | Gained mutation: You have hoof-like feet. [demonic
                  | ancestry]
   599 | D        | Reached XP level 11. HP: 85/99 MP: 11/11
   613 | D        | Got the Tome of Stolen Souls
   617 | D        | Got the Tome of the Doomed Blaze
   620 | D        | Entered arena 11.
   620 | D        | Identified the amulet "Pawkuuv" {Spirit rElec MR- Dex+3}
   631 | D        | Found a transporter.
   638 | D        | Got the amulet of Greed {Reflect rElec rN+ Str+2 Dex+2
                  | SH+3}
   644 | D        | Learned a level 2 spell: Song of Slaying
   645 | D        | Entered arena 12.
   646 | D        | Noticed a shadow dragon
   646 | D        | Noticed a soul eater
   647 | D        | Noticed a soul eater
   649 | D        | Found a transporter.
   654 | D        | Killed a soul eater
   654 | D        | Reached skill level 14 in Fighting
   654 | D        | Reached skill level 1 in Spellcasting
   654 | D        | Reached skill level 1 in Charms
   656 | D        | Killed a shadow dragon
   659 | D        | Killed a soul eater
   659 | D        | Reached skill level 10 in Dodging
   673 | D        | Entered arena 13.
   674 | D        | Noticed a soul eater
   675 | D        | Noticed a soul eater
   675 | D        | Noticed a soul eater
   676 | D        | Found a transporter.
   683 | D        | Killed a soul eater
   686 | D        | Killed a soul eater
   688 | D        | Killed a soul eater
   694 | D        | Got the ring "Nimihun" {+Blink rN+ SInv}
   701 | D        | Entered arena 14.
   703 | D        | Noticed a vault guard
   703 | D        | Noticed a vault guard
   703 | D        | Noticed a vault guard
   703 | D        | Noticed a vault guard
   703 | D        | Noticed a vault guard
   703 | D        | Noticed a vault guard
   703 | D        | Noticed a stone giant
   703 | D        | Noticed a vault guard
   704 | D        | Noticed a lich
   704 | D        | Noticed a lich
   704 | D        | Noticed a vault guard
   705 | D        | Found a transporter.
   711 | D        | Killed a vault guard
   711 | D        | Reached skill level 5 in Spellcasting
   711 | D        | Reached skill level 5 in Charms
   712 | D        | Killed a vault guard
   712 | D        | Reached skill level 10 in Armour
   712 | D        | Reached skill level 10 in Shields
   713 | D        | Killed a vault guard
   715 | D        | Killed a lich
   715 | D        | Killed a vault guard
   715 | D        | Reached XP level 12. HP: 94/108 MP: 17/22
   717 | D        | Killed a stone giant
   717 | D        | Killed a vault guard
   718 | D        | Killed a vault guard
   719 | D        | Killed a vault guard
   719 | D        | Reached skill level 15 in Fighting
   719 | D        | Killed a vault guard
   720 | D        | Killed a lich
   727 | D        | Entered arena 15.
   729 | D        | Noticed a purple draconian
   729 | D        | Noticed a black draconian
   729 | D        | Noticed a green draconian
   729 | D        | Noticed an Orb Guardian
   729 | D        | Noticed a quicksilver dragon
   729 | D        | Noticed a red draconian
   729 | D        | Noticed a green draconian
   729 | D        | Noticed a shadow dragon
   730 | D        | Identified the +8 flail of Foloc {elec, rF+++ MP+9 Int+2
                  | Dex-2}
   730 | D        | Noticed a red draconian
   730 | D        | Noticed a black draconian
   730 | D        | Noticed a golden dragon
   730 | D        | Noticed a yellow draconian
   731 | D        | Found a transporter.
   738 | D        | Killed an Orb Guardian
   742 | D        | Killed a purple draconian
   742 | D        | Killed a red draconian
   743 | D        | Killed a golden dragon
   743 | D        | Reached skill level 10 in Spellcasting
   743 | D        | Reached skill level 10 in Charms
   747 | D        | Killed a shadow dragon
   747 | D        | Reached XP level 13. HP: 116/116 MP: 23/27
   749 | D        | Killed a black draconian
   750 | D        | Killed a quicksilver dragon
   751 | D        | Killed a green draconian
   751 | D        | Killed a yellow draconian
   754 | D        | Killed a red draconian
   756 | D        | Killed a green draconian
   756 | D        | Killed a black draconian
   756 | D        | Reached skill level 16 in Fighting
   793 | D        | Entered arena 16.
   795 | D        | Noticed a death ooze
   795 | D        | Noticed an acid blob
   795 | D        | Noticed a death ooze
   797 | D        | Found a transporter.
   802 | D        | Killed a death ooze
   802 | D        | Killed an acid blob
   806 | D        | Killed a death ooze
   806 | D        | Reached skill level 15 in Axes
   822 | D        | Got the Volume of Freezing Dark Rituals
   839 | D        | Entered arena 17.
   846 | D        | Noticed Ceunn the pandemonium lord
   846 | D        | Noticed an infernal corrupter
   846 | D        | Noticed an Executioner
   846 | D        | Noticed a torturous blood saint
   846 | D        | Noticed Ugimulud the pandemonium lord
   846 | D        | Noticed a green death
   847 | D        | Noticed a monstrous blood saint
   847 | D        | Noticed a war gargoyle
   855 | D        | Found a transporter.
   857 | D        | Killed an Executioner
   858 | D        | Noticed an Ice Fiend
   858 | D        | Noticed a green draconian stormcaller
   859 | D        | Noticed an azure jelly
   859 | D        | Noticed an azure jelly
   859 | D        | Killed an infernal corrupter
   859 | D        | Killed Ceunn the pandemonium lord
   859 | D        | Killed a torturous blood saint
   859 | D        | Gained mutation: You have hooves in place of feet. [demonic
                  | ancestry]
   859 | D        | Reached XP level 14. HP: 86/126 MP: 30/30
   863 | D        | Reached skill level 17 in Fighting
   866 | D        | Killed Ugimulud the pandemonium lord
   874 | D        | Got the Disquisition on Mutagenic Arcane Weapons
   889 | D        | Entered arena 18.
   893 | D        | Noticed a shadow dragon
   893 | D        | Noticed a lich
   894 | D        | Noticed a stone giant
   895 | D        | Found the +8 whip "Snakebite" {curare, rPois}
   896 | D        | Found a transporter.
   898 | D        | Killed a lich
   911 | D        | Killed a stone giant
   912 | D        | Killed a shadow dragon
   931 | D        | Got Wikki's Volume of Shape Shifting and Feathers
   936 | D        | Got the Tome of Transmutation
   939 | D        | Entered arena 19.
   943 | D        | Noticed an acid blob
   944 | D        | Noticed an acid blob
   944 | D        | Noticed an azure jelly
   944 | D        | Noticed an azure jelly
   944 | D        | Noticed an acid blob
   944 | D        | Reached skill level 18 in Fighting
   945 | D        | Found a transporter.
   947 | D        | Paralysed by a floating eye for 2 turns
   948 | D        | Killed an acid blob
   952 | D        | Killed an acid blob
   955 | D        | Paralysed by a floating eye for 4 turns
   963 | D        | Killed an azure jelly
   963 | D        | Reached skill level 15 in Dodging
   965 | D        | Killed an acid blob
   965 | D        | Reached skill level 15 in Armour
   965 | D        | Killed an azure jelly
   965 | D        | Reached skill level 15 in Shields
   967 | D        | Gained mutation: Your spells are a little easier to cast,
                  | but a little less powerful. [a shining eye]
   986 | D        | Got the ring "Itiet Ubo" {+Fly rF++ Dex+2}
   988 | D        | Got Denwoala's Catalogue of Unholy Rites
   993 | D        | Got the ring of Queq {Wiz MP+9}
   997 | D        | Got the ring "Baes" {rF- Str+7 Dex+2}
  1013 | D        | Entered arena 20.
  1019 | D        | Noticed an azure jelly
  1020 | D        | Noticed an azure jelly
  1021 | D        | Found the +8 trident of the Octopus King {venom, rElec
                  | rPois MR+}
  1021 | D        | Found a transporter.
  1025 | D        | Paralysed by a floating eye for 2 turns
  1028 | D        | Killed an azure jelly
  1028 | D        | Gained mutation: You regenerate a lot of health from kills.
                  | [demonic ancestry]
  1028 | D        | Reached XP level 15. HP: 138/138 MP: 31/31
  1031 | D        | Reached skill level 19 in Fighting
  1032 | D        | Gained mutation: Your body sometimes deteriorates upon
                  | taking damage. [a shining eye]
  1033 | D        | Killed an azure jelly
  1048 | D        | Got the ring of Ygeokom {rN+ Str+3 Dex+2}
  1063 | D        | Entered arena 21.
  1069 | D        | Noticed an azure jelly
  1070 | D        | Noticed an acid blob
  1070 | D        | Noticed an acid blob
  1070 | D        | Noticed an acid blob
  1070 | D        | Noticed an acid blob
  1070 | D        | Noticed an acid blob
  1071 | D        | Found the ring of the Mage {Wiz MR++ Int+3}
  1071 | D        | Noticed an azure jelly
  1074 | D        | Killed an acid blob
  1080 | D        | Splashed by an acid blob's acid

Levels and vault maps discovered:
D:        sprint_v [room_start, room_1, room_2, room_3, room_4, room_5, room_6,
          room_7, room_8, room_9, room_10, room_11, room_12, room_13, room_14,
          room_15, room_16, room_17, room_18, room_19, room_20, room_21,
          room_22, room_23, room_24, room_25, room_26, room_27]

Skill      XL: |  1  2  3  4  5  6  7  8  9 10 11 12 13 14 15 |
---------------+----------------------------------------------+-----
Fighting       | 4 5 10 11 12 13 14 15 16 18 19 | 19.2
Axes           | 3 4 10 11 12 13 14 15 17 | 17.9
Armour         | 1 2 6 7 8 10 11 13 15 | 15.9
Dodging        | 3 7 8 9 10 11 13 15 16 | 16.0
Shields        | 1 2 6 7 8 10 11 13 15 | 15.8
Spellcasting   | 7 10 12 | 12.0
Charms         | 7 10 12 | 12.0
Stealth        | |  1.7

Action                   |  1- 3 |  4- 6 |  7- 9 | 10-12 | 13-15 || total
-------------------------+-------+-------+-------+-------+-------++-------
Melee: Broad axe         |     6 |     2 |     1 |    94 |    90 ||   193
       Kick              |     1 |       |     1 |    35 |    39 ||    76
 Cast: Song of Slaying   |       |       |       |       |     5 ||     5
  Use: Potion            |     2 |       |     1 |     3 |     5 ||    11
 Stab: Distracted        |       |       |       |     2 |     6 ||     8
  Eat: Ration            |       |       |       |       |     1 ||     1
Armor: Gold dragon scale |     2 |       |       |    75 |   123 ||   200
Dodge: Dodged            |     1 |       |       |    24 |    58 ||    83
Block: Shield            |    14 |     2 |       |   218 |   189 ||   423
       Reflection        |       |       |       |       |     6 ||     6

Table legend:
 A = Non-vault XP
 B = Vault XP
 C = Vault XP percentage of total XP
 D = Non-vault monster count
 E = Vault monster count
 F = Vault count percentage of total count
                 A         B        C        D         E       F
            +---------+---------+-------+---------+---------+-------
      Total |    1832 |  109220 |  98.4 |      10 |     182 |  94.8
            +---------+---------+-------+---------+---------+-------
          D |    1832 |  109220 |  98.4 |      10 |     182 |  94.8
            +---------+---------+-------+---------+---------+-------
